 Dungeon Crawl Stone Soup version 0.29.1-debian-1-gc3f1650bb9 (webtiles) character file.

Game seed: 12871485334993397815

94 drugrobin the Sneak (level 4, -2/37 HPs)
             Began as a Demigod Delver on Sept 12, 2022.
             Slain by a gnoll
             ... wielding a +0 halberd
              (13 damage)
             ... on level 4 of the Dungeon.
             The game lasted 00:10:23 (3557 turns).

drugrobin the Sneak (Demigod Delver)                Turns: 3557, Time: 00:10:24

Health: -2/37      AC:  8    Str: 17    XL:     4   Next: 16%
Magic:  4/6        EV: 12    Int: 15    God:
Gold:   222        SH:  0    Dex: 15    Spells: 2/3 levels left

rFire   + . .      SeeInvis +   c - +1 mace "Ochuihel" {drain, rPois rCorr Int+3 SInv}
rCold   . . .      Faith    .   (no shield)
rNeg    . . .      Spirit   .   v - +2 leather armour {rF+}
rPois   +          Reflect  .   G - +0 helmet
rElec   .          Harm     .   F - +0 cloak
rCorr   +          Rampage  .   p - +0 pair of gloves
Will    +....                   (no boots)
Stlth   +++.......              (no amulet)
HPRegen 0.12/turn               r - ring of willpower
MPRegen 0.10/turn               (no ring)

@: very slightly contaminated
A: high MP 1, forlorn, divine attributes
a: no special abilities


You were on level 4 of the Dungeon.
You visited 1 branch of the dungeon, and saw 5 of its levels.

You collected 222 gold pieces.

Inventory:

Hand Weapons
 a - a +0 dagger of freezing
 b - a +0 sling
 c - the +1 mace "Ochuihel" (weapon) {drain, rPois rCorr Int+3 SInv}
   (You found it on level 2 of the Dungeon)

   A truly terrible weapon, it drains the life of any living foe it strikes.
   Int:       It affects your intelligence (+3).
   rPois:     It protects you from poison.
   SInv:      It lets you see invisible.
   rCorr:     It protects you from acid and corrosion.
 D - a +0 short sword
Missiles
 x - 4 poisoned darts
 E - 2 javelins
Armour
 j - a +0 leather armour
 p - a +0 pair of gloves (worn)
 q - a +0 scale mail
 s - a +0 ring mail of cold resistance
 v - a +2 leather armour of fire resistance (worn)
 F - a +0 cloak (worn)
 G - a +0 helmet (worn)
 H - an orb of wrath
Jewellery
 r - a ring of willpower (left hand)
Wands
 g - a wand of digging (2)
Scrolls
 d - a scroll of magic mapping
 e - 3 scrolls of fear
 h - 4 scrolls of identify {unknown}
 i - 2 scrolls of noise {unknown}
 l - 2 scrolls of teleportation {unknown}
 n - a scroll of blinking {unknown}
 o - a scroll of enchant armour {unknown}
 t - a scroll of brand weapon {unknown}
 w - a scroll of enchant weapon {unknown}
 y - a scroll of fog
 A - a scroll of amnesia {unknown}
 B - a scroll of torment {unknown}
Potions
 f - a potion of haste
 k - a potion of mutation {unknown}
 m - a potion of heal wounds {unknown}
 u - a potion of attraction {unknown}
 z - a potion of curing {unknown}
 C - a potion of might {unknown}


   Skills:
 - Level 2.6 Fighting
 + Level 4.3 Short Blades
 - Level 1.7 Dodging
 - Level 4.5 Stealth


You had 2 spell levels left.
You knew the following spells:

 Your Spells              Type           Power      Damage    Failure   Level
a - Slow                  Hex            0%         N/A       32%         1

Your spell library contained the following spells:

 Spells                   Type           Power      Damage    Failure   Level
 Foxfire                  Conj/Fire      0%         2x1d4     32%         1
 Freeze                   Ice            0%         1d3       32%         1
 Confusing Touch          Hex            0%         N/A       69%         3
 Frozen Ramparts          Ice            0%         1d1       69%         3
 Ignite Poison            Fire/Tmut/Pois 0%         N/A       69%         3
 Inner Flame              Hex/Fire       0%         N/A       69%         3
 Kindle Blastsparks       Fire/Tloc/Air  0%         2d10      69%         3
 Mephitic Cloud           Conj/Pois/Air  0%         N/A       69%         3
 Vampiric Draining        Necr           0%         2d6       69%         3
 Flame Wave               Conj/Fire      0%         2d4       97%         4
 Hailstorm                Conj/Ice       0%         3d3       97%         4
 Sticky Flame             Conj/Fire      0%         2d3       97%         4
 Freezing Cloud           Conj/Ice/Air   0%         6-21      100%        5


Dungeon Overview and Level Annotations

Branches:
Dungeon (5/15)
 Temple: D:4-7

Annotations:
D:5 exclusions: 3 gnolls, gnoll sergeant, howler monkey, ice beast, iguana and ufetubus


Innate Abilities, Weirdness & Mutations

You have an increased reservoir of magic. (+10% MP)
You shall have no god before yourself.
Your divine heritage dramatically boosts your attributes as you level up.


Message History

Unknown command.
Unknown command.
Unknown command.
Unknown command.
Casting: Slow (safe; 38% risk of failure)
Confirm with . or Enter, or press ? or * to list all spells.
Aiming: Slow (safe; 38% risk of failure)
Press: ? - help, Shift-Dir - straight line, f/p - gnoll
Aim: a gnoll, wielding a +0 halberd (moderately wounded, chance to affect: 41%)
You miscast Slow.
You are very lightly contaminated with residual magic.
Nothing appears to happen.
The gnoll barely misses you.
Unknown command.
Unknown command.
Casting: Slow (safe; 38% risk of failure)
Confirm with . or Enter, or press ? or * to list all spells.
Aiming: Slow (safe; 38% risk of failure)
Press: ? - help, Shift-Dir - straight line, f/p - gnoll
Aim: a gnoll, wielding a +0 halberd (moderately wounded, chance to affect: 41%)
The gnoll seems to slow down.
The gnoll barely misses you.
Unknown command.
Unknown command.
The gnoll hits you but does no damage.
You hit the gnoll but do no damage.
The gnoll is moderately wounded.
You hit the gnoll but do no damage.
The gnoll is moderately wounded.
The gnoll closely misses you.
You hit the gnoll. You freeze the gnoll.
The gnoll is heavily wounded.
Your +0 dagger of freezing stops glowing.
You feel clever.
You sense an unholy aura.
c - the +1 mace "Ochuihel" (weapon)
{drain, rPois rCorr Int+3 SInv} The gnoll hits you with a +0 halberd!
* * * LOW HITPOINT WARNING * * *
You hit the gnoll.
The gnoll is severely wounded.
The gnoll hits you with a +0 halberd!
You die...

#.##.##.###........##..###
#.......# #####.###.......
####.#### #.###....##.
####.#### #........##.
#...[...# #####..#..#.
#.##.##.######## #..##.#.
.##### #.......##.....#
#.......
..g..###...##..##.....#
#..<....
.......#..(...)g@.....#
#.#.#.#.
.....#g#.#####.##.....#
#.#...#. .#.###.#.#
#.##.....# #.#).## .#.#
#...# #.######## #.#..##.
.#.# ###.#
#......######....... #.#
#.#####.####.#.......#.###
#.#
#.......####.#.#####.#.#
###.......##.#.#####.#.#
#####.#.##.#.##.[....#


You could see a gnoll (slow).

Vanquished Creatures
  A gnoll (D:4)
  2 adders (D:3)
  A worm (D:5)
  A dart slug (D:3)
  An orc (D:5)
  6 bats
  7 endoplasms
  A giant cockroach (D:2)
  3 goblins
  8 hobgoblins
  3 jackals (D:2)
  8 kobolds
  3 quokkas
  5 ball pythons
  2 frilled lizards (D:1)
  3 rats
55 creatures vanquished.

Vanquished Creatures (others)
  7 fungi (D:5)
7 creatures vanquished.

Grand Total: 62 creatures vanquished

Notes
Turn   | Place    | Note
-------+----------+-------------------------------------------
     0 | D:5      | drugrobin the Demigod Delver began the quest for the Orb.
     0 | D:5      | Reached XP level 1. HP: 18/18 MP: 3/3
    77 | D:5      | Noticed an iguana
    90 | D:5      | Noticed a howler monkey
   135 | D:5      | Noticed a gnoll sergeant
   347 | D:5      | Noticed an ice beast
   501 | D:3      | Reached XP level 2. HP: 8/25 MP: 4/4
   877 | D:3      | Learned a level 1 spell: Slow
  1129 | D:2      | Reached XP level 3. HP: 19/30 MP: 5/5
  2385 | D:2      | Identified the +1 mace "Ochuihel" {drain, rPois rCorr Int+3
                  | SInv}
  3396 | D:3      | Reached XP level 4. HP: 37/37 MP: 6/6
  3557 | D:4      | Slain by a gnoll

Illustrated notes

Levels and vault maps discovered:
D:1:      tarquinn_simple_flora_water_f, layout_basic
D:2:      layout_basic, ebering_ecumenical_altar_webs, minmay_pentomino_q4
D:3:      layout_rooms, mainiacjoe_overflow_tiny_flanked, marbit_many_paths,
          grunt_temple_overflow_open, serial_bayou_pond_e,
          minmay_splitting_lines
D:4:      layout_loops_cross, overflow_temple_1_default, xom_teletrap_fun,
          mainiacjoe_overflow_alcove_2, serial_glass, glass_columns_a,
          glass_columns_a
D:5:      layout_loops_ring, serial_aquarium, aquarium_bridge_straight
          [aquarium_subvault_bridge, aquarium_subvault_window,
          aquarium_subvault_bridge, aquarium_subvault_wall],
          aquarium_bridge_straight [aquarium_subvault_bridge,
          aquarium_subvault_balcony, aquarium_subvault_bridge,
          aquarium_subvault_wall], aquarium_window_fake, aquarium_window_1,
          aquarium_window_1, aquarium_window_3, aquarium_view_2b,
          aquarium_pool_2

Skill      XL: |  1  2  3 |
---------------+----------+-----
Short Blades   | 2 3 4 |  4.3
Fighting       | |  2.6
Dodging        | |  1.7
Stealth        | |  4.5

Action                   |  1- 3 |  4- 6 || total
-------------------------+-------+-------++-------
Melee: Short sword       |   155 |       ||   155
       Dagger            |    16 |     3 ||    19
       Mace              |     2 |     1 ||     3
 Fire: Sling             |    27 |       ||    27
Throw: Javelin           |       |     3 ||     3
 Cast: Slow              |       |     1 ||     1
Evoke: Wand              |     1 |       ||     1
 Stab: Sleeping          |     9 |       ||     9
Armor: Leather armour    |    34 |     1 ||    35
       Ring mail         |     2 |       ||     2
Dodge: Dodged            |    88 |     6 ||    94
